 Dungeon Crawl Stone Soup version 0.27.1 (webtiles) character file.

Game seed: 764247018929549718

96 acemry the Cudgeller (level 4, -6/39 HPs)
             Began as a Minotaur Fighter on Sept 3, 2021.
             Mangled by an ice beast (14 damage)
             ... on level 3 of the Dungeon.
             The game lasted 00:05:30 (2501 turns).

acemry the Cudgeller (Minotaur Fighter)             Turns: 2501, Time: 00:05:30

Health: -6/39      AC:  6    Str: 22    XL:     4   Next: 41%
Magic:  3/3        EV:  9    Int:  5    God:
Gold:   100        SH:  0    Dex: 15    Spells: 3/3 levels left

rFire    . . .     SeeInvis .   a - +1 flail
rCold    . . .     Faith    .   (no shield)
rNeg     + . .     Spirit   .   b - +0 scale mail
rPois    .         Reflect  .   (helmet restricted)
rElec    .         Harm     .   (no cloak)
rCorr    .         Rampage  .   (no gloves)
Will     .....                  (no boots)
Stlth    ..........             (no amulet)
HPRegen  0.13/turn              j - ring of positive energy
MPRegen  0.08/turn              k - +6 ring of dexterity

@: flying
A: horns 2, retaliatory headbutt
a: no special abilities


You were on level 3 of the Dungeon.
You visited 1 branch of the dungeon, and saw 3 of its levels.

You collected 100 gold pieces.

Inventory:

Hand Weapons
 a - a +1 flail (weapon)
Missiles
 i - 29 arrows
 n - 16 bolts
Armour
 b - a +0 scale mail (worn)
 c - a +0 kite shield
Jewellery
 j - a ring of positive energy (left hand)
 k - a +6 ring of dexterity (right hand)
Scrolls
 e - a scroll of identify
 f - a scroll of teleportation
 p - 2 scrolls of enchant weapon
Potions
 d - a potion of might
 l - a potion of lignification
 m - a potion of resistance {unknown}


   Skills:
 - Level 3.6 Fighting
 + Level 5.7 Maces & Flails
 - Level 3.6 Armour
 - Level 3.6 Shields


You had 3 spell levels left.
You didn't know any spells.
Your spell library contained the following spells:

 Spells                   Type           Power      Damage    Failure   Level
 Freeze                   Ice            0%         1d3       80%         1
 Frozen Ramparts          Ice            0%         1d2       99%         3
 Hailstorm                Conj/Ice       0%         3d3       100%        4


Dungeon Overview and Level Annotations

Branches:
Dungeon (3/15)

Altars:
Ashenzari
Wu Jian
Yredelemnul


Innate Abilities, Weirdness & Mutations

You have a pair of horns on your head.
You reflexively headbutt those who attack you in melee.


Message History

The ice beast is lightly wounded.
The ice beast hits you but does no damage.
You hit the ice beast.
The ice beast is moderately wounded.
The ice beast closely misses you. You furiously retaliate!
You headbutt the ice beast! You hit the ice beast but do no damage.
The ice beast is heavily wounded.
The ice beast hits you. The ice beast freezes you.
You closely miss the ice beast.
The ice beast is heavily wounded.
The ice beast hits you but does no damage.
The orc closely misses you.
The ice beast hits you but does no damage.
You completely miss the ice beast. You headbutt the ice beast.
The ice beast is severely wounded.
The orc closely misses you. You furiously retaliate!
You headbutt the orc!
You kill the orc!
The ice beast barely misses you.
You barely miss the ice beast. You headbutt the ice beast.
The ice beast is severely wounded.
The ice beast hits you. The ice beast freezes you!
* * * LOW HITPOINT WARNING * * *
An orc comes into view. It is wielding a +0 flail.
You are too injured to fight recklessly!
You are too injured to fight recklessly!
You hit the ice beast.
You headbutt the ice beast, but do no damage.
The ice beast is almost dead.
The ice beast hits you but does no damage.
You barely miss the ice beast. Your headbutt misses the ice beast.
The ice beast is almost dead.
An orc comes into view. It is wielding a +0 short sword.
The ice beast misses you.
It was a potion of flight.
You feel very buoyant.
You fly up into the air.
The ice beast hits you.
* * * LOW HITPOINT WARNING * * *
The ice beast freezes you!
You die...

***,,,,,,*#.##....#,,,,,,,,,,*
*,,,,,**,8,.J#._..#,,,,,,*****
**,***,,,,,,,$#....#,,,,,,*
,,,* *,**,,,,,#....#,,,,,,*
**,***,**,8,,,#._..#,,,,,**
**,,,,,*,,**,*#....#,,#,**
,,,,,,,,.,,***#⌠.⌠.#,.#,*
********....###'####.#*,* *
*....$..Y@)oo.#*.# *
*...###....####*.# ** *****
####.# *.# ,* #.# *.# ,* #.#
#.# ,* #.# #.# ,* ########
#.#####.# ,* ####...##
#.......# ,* ##.###..#
######..#


You could see an ice beast and 2 orcs.

Vanquished Creatures
  3 adders
  4 dart slugs
  3 worms (D:2)
  2 orcs (D:3)
  6 endoplasms
  A giant cockroach (D:2)
  3 goblins
  2 hobgoblins
  4 jackals (D:1)
  3 quokkas
  4 ball pythons (D:1)
  3 bats (D:2)
  3 frilled lizards
  5 kobolds
  4 rats
50 creatures vanquished.

Vanquished Creatures (others)
  8 demonic plants (D:2)
  5 fungi (D:2)
  5 plants (D:2)
  7 withered plants (D:2)
25 creatures vanquished.

Grand Total: 75 creatures vanquished

Notes
Turn   | Place    | Note
-------+----------+-------------------------------------------
     0 | D:1      | acemry the Minotaur Fighter began the quest for the Orb.
     0 | D:1      | Reached XP level 1. HP: 19/19 MP: 0/0
   267 | D:1      | Reached skill level 3 in Maces & Flails
   378 | D:1      | Reached XP level 2. HP: 26/26 MP: 1/1
   604 | D:1      | Reached skill level 4 in Maces & Flails
   695 | D:1      | Reached XP level 3. HP: 25/31 MP: 2/2
  1212 | D:2      | Found a faded altar of an unknown god.
  1411 | D:2      | Reached skill level 5 in Maces & Flails
  1757 | D:2      | Reached XP level 4. HP: 25/39 MP: 3/3
  2405 | D:3      | Found a broken altar of Ashenzari.
  2482 | D:3      | Found a basalt altar of Yredelemnul.
  2482 | D:3      | Found an ornate altar of the Wu Jian Council.
  2486 | D:3      | Noticed an ice beast
  2501 | D:3      | Mangled by an ice beast

Illustrated notes

Levels and vault maps discovered:
D:1:      minmay_arrival_split_and_join, layout_basic
D:2:      layout_loops_ring, shapermc_ecumenical_altar_gd
D:3:      layout_loops_ring, nicolae_ashenzari_skybound, jmf_multi_god_temple,
          gammafunk_ghost_grave, uniq_grinder

Skill      XL: |  1  2  3 |
---------------+----------+-----
Maces & Flails | 3 4 5 |  5.7
Fighting       | |  3.6
Armour         | |  3.6
Shields        | |  3.6

Action                   |  1- 3 |  4- 6 || total
-------------------------+-------+-------++-------
Melee: Flail             |    93 |    33 ||   126
       Headbutt          |    16 |     7 ||    23
  Use: Scroll            |     5 |     3 ||     8
       Potion            |       |     1 ||     1
Armor: Scale mail        |    38 |    14 ||    52
Dodge: Dodged            |    26 |    18 ||    44
Block: Kite shield       |    42 |       ||    42
